Unix NetHack Version 5.0.0-0 post-release - last build Jun 10 2026 00:39:30 (3ee93aec679c4c4259841fe613dc97188e26a321,branch:main).

Game began 2026-06-27 23:03:39, ended 2026-06-29 09:32:53.

Anarchos, lawful female dwarven Valkyrie

                                                ----
                               ----             |..---
                              --..`|         ----....---
                 --------------....|  --------.........|   ----
          ---    |.......(......(.[----...|............-----..---
        ---.---  |. |.-------...................................|
       --.....|  -- |.|     --.....(........--)...........---.-.----
       |.)....----  |.|      --............---.-....--.....--...[..---  ---
       |..|.|....-- |.|       |......)--...........-|----.......--...----)---
       ----.|---..| |.|       |-.....)|--....--..-..--  --.@M.)..---........--
   -------..|  --.|--.|       -.......| |....||......------g......|----......|
----.--....--  --.--..|      |....--..----..----.--.....-----.....|..----.----
|.......----   |.....[----   |....||...------  |...---....| ---........|---
|.......|      |.........|   |.^..||....|  --- ---........|   ---......|
---.....|      --....--..--- ---.--|.)..| --.--  ------.---    --.....--
  --....|       ------|....|   --- |....--|.o[--      |..----  |.^....|
   |....|             --.^.|       --....---...|      |.....---|......----
   |-.---             --...|        ->*.......--      |...|...|----......|
   |..|               |....|       |......-----       ------..|   |....).|
   |..|               --.---       --.-----                ----   ---.|.--
   ----                ---          ---                             -----
Anarchos the Fighter        St:18/01 Dx:17 Co:18 In:10 Wi:8 Ch:9  Lawful
Dlvl:10 $:0  HP:0(89) Pw:11(11) AC:-5 Xp:7 T:5983  Burdened

Latest messages:
 The ettin mummy hits!
 The ettin mummy misses!
 The gargoyle just misses!
 The gargoyle hits!
 The gargoyle misses!
 What do you want to wield? [- aktzBD or ?*] k
 k - a blessed elven broadsword named Orcrist (weapon in right hand).
 Orcrist flickers light blue!
 The ettin mummy misses!
 The ettin mummy misses!
 The gargoyle hits!
 The gargoyle hits again!
 The gargoyle misses!
 You miss the gargoyle.
 The ettin mummy hits!
 The ettin mummy hits again!
 The gargoyle hits!
 The gargoyle misses!
 The gargoyle misses!
 You miss the gargoyle.
 The ettin mummy misses!
 The ettin mummy misses!
 The gargoyle hits!
 The gargoyle just misses!
 The gargoyle misses!
 You hit the gargoyle!
 The ettin mummy hits!
 The ettin mummy hits again!
 The ettin mummy knocks you back with a forceful strike!
 You bump into a gargoyle.
 You stagger...
 The gargoyle hits!
 The gargoyle hits again!
 The gargoyle bites!
 The ettin mummy misses!
 The ettin mummy misses!
 You feel a bit steadier now.
 You miss the gargoyle.
 The ettin mummy misses!
 The ettin mummy misses!
 The gargoyle just misses!
 The gargoyle misses!
 The gargoyle bites!
 You can't go up here.
 The ettin mummy hits!
 The ettin mummy hits again!
 The gargoyle hits!
 The gargoyle hits again!
 You die...
 Do you want your possessions identified? [ynq] (y) q

Inventory:
 Weapons  (')')
  D - a +0 arrow
  z - 10 +0 darts
  t - a blessed +1 dagger
  a - a +1 dwarvish spear
  B - a +0 long sword
  k - the blessed +0 Orcrist (weapon in right hand, flickering light blue)
 Armor    ('[')
  S - an uncursed +0 dwarvish iron helm (being worn)
  L - an uncursed +0 pair of leather gloves (being worn)
  y - an uncursed +1 pair of iron shoes (being worn)
  c - an uncursed +3 small shield (being worn)
  C - a blessed +0 dwarvish cloak (being worn)
  n - an uncursed +0 elven mithril-coat (being worn)
 Comestibles  ('%')
  H - 3 uncursed homemade tins of rothe meat
  o - 2 uncursed lizard corpses
 Rings    ('=')
  p - an uncursed ring of warning (on left hand)
 Wands    ('/')
  Z - a wand of cancellation (0:4)
  N - a wand of light (0:11)
  g - a wand of probing (0:6)
  m - a wand of striking (0:1)
 Tools    ('(')
  v - an uncursed sack containing 37 items
  F - a bag of tricks (0:7)
  w - a magic marker (0:87)
  e - an uncursed oil lamp
  r - an uncursed skeleton key
  u - a tinning kit (0:82)
 Gems/Stones  ('*')
  s - an uncursed worthless piece of blue glass
  q - an uncursed worthless piece of white glass
  E - an uncursed worthless piece of yellowish brown glass

Contents of the sack:
  726 gold pieces
  6 +0 daggers
  a +3 dagger
  2 +0 elven daggers
  2 +0 orcish daggers
  a blessed +1 silver dagger
  a +0 dwarvish mattock
  a +0 short sword
  a blessed rusty +2 orcish helm
  an uncursed +0 pair of low boots
  an uncursed +0 mummy wrapping
  an uncursed candy bar labeled "Fruity Oaty"
  an uncursed scroll of enchant weapon
  2 blessed scrolls of blank paper
  3 uncursed scrolls of blank paper
  a blessed scroll of confuse monster
  2 uncursed scrolls of confuse monster
  an uncursed scroll of light
  a blessed scroll of remove curse
  an uncursed scroll of remove curse
  an uncursed spellbook of create monster
  an uncursed potion of object detection
  an uncursed mirror
  a cursed tin whistle
  a blessed figurine of a tiger
  a magic marker (0:94)
  an uncursed jet stone
  an uncursed worthless piece of black glass
  3 uncursed worthless pieces of green glass
  an uncursed jade stone
  an uncursed worthless piece of orange glass
  an uncursed worthless piece of red glass
  3 uncursed worthless pieces of violet glass
  4 uncursed worthless pieces of yellow glass
  an uncursed amber stone
  an uncursed worthless piece of yellowish brown glass
  an uncursed touchstone

Anarchos the Valkyrie's attributes:

Background:
 You were a Fighter, a level 7 dwarven Valkyrie.
 You were lawful, on a mission for Tyr
 who was opposed by Odin (neutral) and Loki (chaotic).
 You were right-handed.
 You were in the Gnomish Mines, on level 10.
 You entered the dungeon 5983 turns ago.
 There was a full moon in effect when your adventure ended.
 You had 762 experience points, 518 more were needed to attain level 8.

Basics:
 You had 0 out of 89 hit points.
 You had all 11 energy points (spell power).
 Your armor class was -5.
 Your wallet was empty, but
 you had 726 zorkmids stashed away in your pack.
 Autopickup was on for all types.

Final Characteristics:
 Your strength was 18/01 (limit:18/100).
 Your dexterity was 17 (limit:20).
 Your constitution was 18 (limit:20).
 Your intelligence was 10 (limit:16).
 Your wisdom was 8 (limit:16).
 Your charisma was 9 (limit:16).

Final Status:
 You weren't hungry.
 You were burdened; movement was slightly slowed.
 You were wielding a broadsword.
 You were unskilled in broadsword.

Final Attributes:
 You were piously aligned.
 Your items were somewhat protected from fire.
 You were cold resistant.
 Your items were somewhat protected from cold.
 You were warned.
 You were aware of the presence of orcs.
 You had infravision.
 You were stealthy.
 You were guarded.
 You were fast.
 You were lucky.
 You are dead.

Miscellaneous:
 You didn't encounter any bones levels.
 Total elapsed playing time was 3 hours, 55 minutes and 23 seconds.

Major events:
 Turn
    1: Anarchos the lawful dwarven Valkyrie entered the dungeon
 1255: attained the rank of Skirmisher (level 3)
 2031: entered the Gnomish Mines
 3233: reached Mine Town
 3634: attained the rank of Fighter (level 6)
 5432: chose an elven broadsword to be named "Orcrist"
 5983: killed by a gargoyle

You didn't know any spells.

Skills:
 Fighting Skills
   bare handed combat [Basic]
   two weapon combat  [Unskilled]
   riding             [Unskilled]
 Weapon Skills
   dagger             [Basic]
   axe                [Unskilled]
   pick-axe           [Unskilled]
   short sword        [Unskilled]
   broadsword         [Unskilled]
   long sword         [Unskilled]
   two-handed sword   [Unskilled]
   saber              [Unskilled]
   hammer             [Unskilled]
   quarterstaff       [Unskilled]
   polearms           [Unskilled]
   spear              [Basic]
   trident            [Unskilled]
   lance              [Unskilled]
   sling              [Unskilled]
 Spellcasting Skills
   attack spells      [Unskilled]
   escape spells      [Unskilled]

Voluntary challenges:
 Character rerolling was not enabled.
 You never genocided any monsters.
 You never polymorphed an object.
 You never changed form.
 You used no wishes.
Achievements:
 You attained the rank of Skirmisher.
 You entered a shop.
 You entered the Gnomish Mines.
 You entered Minetown.
 You entered a temple.
 You attained the rank of Fighter.

 The Dungeons of Doom: levels 1 to 5
    Level 1:
       A fountain, a sink.
    Level 2:
    Level 3:
       An altar.
       Stairs down to The Gnomish Mines.
    Level 4:
       A scroll shop, a fountain.
    Level 5:
       Many fountains.
 The Gnomish Mines: levels 4 to 11
    Level 4:
    Level 5:
    Level 6:
    Level 7:
       Many shops, a temple and an altar, some fountains, a sink.
    Level 8:
    Level 9:
    Level 10: <- You were here.
       Final resting place for
          you, killed by a gargoyle.
    Level 11:


Vanquished creatures:
  a human mummy
  a wraith
  2 watchmen
  2 giant beetles
  4 wolves
  2 giant spiders
  2 vampire bats
 an owlbear
  a yeti
  2 lizards
  a jaguar
  a dwarf leader
  2 gnome mummies
  3 Woodland-elves
  a wood nymph
  a water nymph
  a mountain nymph
  a rock piercer
  3 fog clouds
  a yellow light
  a shrieker
  a violet fungus
  5 gnome leaders
  3 gnomish wizards
  2 kobold mummies
  a black naga hatchling
  a guardian naga hatchling
  a gray ooze
  a ghoul
  2 paper golems
  a baby crocodile
  2 floating eyes
  4 dwarves
  a homunculus
 10 rothes
  a rabid rat
  3 giant bats
  2 monkeys
 an iguana
  2 acid blobs
  a gas spore
  3 hobbits
  2 giant rats
  2 cave spiders
  a red mold
 32 gnomes
  3 geckos
  6 jackals
  a kobold
  3 goblins
  a sewer rat
 14 grid bugs
  5 lichens
  2 kobold zombies
  3 newts
157 creatures vanquished.

No species were genocided or became extinct.

Game over:
                       ----------
                      /          \
                     /    REST    \
                    /      IN      \
                   /     PEACE      \
                  /                  \
                  |     Anarchos     |
                  |      726 Au      |
                  |   killed by a    |
                  |     gargoyle     |
                  |                  |
                  |                  |
                  |       2026       |
                 *|     *  *  *      | *
        _________)/\\_//(\/(/\)/\//\/|_)_______

Farvel Anarchos the Valkyrie...

You died in The Gnomish Mines on dungeon level 10 with 4052 points,
and 726 pieces of gold, after 5983 moves.
You were level 7 with a maximum of 89 hit points when you died.

